 Dungeon Crawl Stone Soup version 0.29.1-12-g30fa7ad0bf (webtiles) character file.

Game seed: 67607141618484015

7 hawla the Chiller (level 2, -6/20 HPs)
             Began as a Meteoran Ice Elementalist on Dec 26, 2022.
             Mangled by Blork the orc
             ... wielding a +0 halberd
              (12 damage)
             ... on level 3 of the Dungeon.
             The game lasted 00:01:18 (123 turns).

hawla the Chiller (Meteoran Ice Elementalist)        Turns: 123, Time: 00:01:19

Health: -6/20      AC:  2    Str:  9    XL:     2   Next: 17%
Magic:  5/6        EV: 12    Int: 16    God:
Gold:   30         SH:  0    Dex: 14    Spells: 5/6 levels left

rFire   . . .      SeeInvis .   (no weapon)
rCold   . . .      Faith    .   (no shield)
rNeg    . . .      Spirit   .   a - +0 robe
rPois   .          Reflect  .   (no helmet)
rElec   .          Harm     .   (no cloak)
rCorr   .          Rampage  .   (no gloves)
Will    .....                   (no boots)
Stlth   +.........              (no amulet)
HPRegen 0.06/turn               (no ring)
MPRegen 0.10/turn               (no ring)

@: glowing, invisible (but backlit and visible)
A: sense surroundings 1, otherworldly, glowing, explore regen
a: no special abilities


You were on level 3 of the Dungeon.
You visited 1 branch of the dungeon, and saw 4 of its levels.

You collected 30 gold pieces.

Inventory:

Armour
 a - a +0 robe (worn)
Scrolls
 c - a scroll of noise {unknown}
 d - a scroll of blinking {unknown}
 e - a scroll of identify {unknown}
Potions
 b - a potion of magic


   Skills:
 + Level 2.4 Dodging
 - Level 1.4 Stealth
 + Level 2.8 Spellcasting
 + Level 4.7 Ice Magic


You had 5 spell levels left.
You knew the following spells:

 Your Spells              Type           Power      Damage    Failure   Level
a - Freeze                Ice            68%        1d8       2%          1

Your spell library contained the following spells:

 Spells                   Type           Power      Damage    Failure   Level
 Frozen Ramparts          Ice            34%        1d6       9%          3
 Ozocubu's Armour         Ice            17%        N/A       9%          3
 Hailstorm                Conj/Ice       9%         3d4       56%         4
 Leda's Liquefaction      Hex/Erth       1%         N/A       88%         4
 Lee's Rapid Deconstruct  Erth           1%         3d5*      99%         5
 Statue Form              Tmut/Erth      1%         N/A       100%        6


Dungeon Overview and Level Annotations

Branches:
Dungeon (4/15) Zot: 2276
 Temple: D:4-7

Altars:

Annotations:
D:2 Terence
D:3 Blork the orc


Innate Abilities, Weirdness & Mutations

You passively map a small area around you.
You are easily found by Zot.
You glow in the dark.
You regain HP and MP as you explore.


Message History

Aiming: Freeze (safe; 2% risk of failure)
Press: ? - help, Shift-Dir - straight line, f - ball python
Aim: a ball python You freeze the ball python.
You kill the ball python!
You see here a +0 robe.
f - a fizzy ruby potion Sorry, I don't know how to get there.
Magic restored.
Sorry, I don't know how to get there.
As you open the door, it creaks loudly!
Found a stone staircase leading down.
There is an open door here.
Found a ring mail.
There is a stone staircase leading down here.
You climb downwards.
Blork the orc shouts!
The adder hisses angrily.
The endoplasm quivers.
Found a scroll labelled YRAWNU MOUTYABE.
Found a stone staircase leading down.
There is a stone staircase leading up here.
Blork the orc hits you with a +0 halberd!
Ouch! That really hurt!
* * * LOW HITPOINT WARNING * * *
You climb upwards.
There is a stone staircase leading down here.
It was a potion of invisibility.
You become transparent, but the glow from your body prevents you from becoming completely invisible.
Blork the orc points at you and mumbles some strange words.
The puff of flame misses you.
Casting: Freeze (safe; 2% risk of failure)
Confirm with . or Enter, or press ? or * to list all spells.
Aiming: Freeze (safe; 2% risk of failure)
Press: ? - help, Shift-Dir - straight line, f - Blork the orc
Aim: Blork the orc, wielding a +0 halberd and wearing a +2 robe of positive energy You freeze Blork the orc.
Blork the orc is lightly wounded.
Blork the orc hits you with a +0 halberd!
Ouch! That really hurt!
You die...

##### .....
.....########
............#
#..........#
#..........######
+..........'...@#
#.....[....####o#
#..........# #.#
#...†......# #.#
#..........# #.#
######'##### *#.#
#######.#######..#
................[#
........###....*


You could see Blork the orc.

Vanquished Creatures
  2 hobgoblins (D:1)
  A kobold (D:2)
  A ball python (D:3)
  A bat (D:1)
  A frilled lizard (D:3)
  A rat (D:3)
7 creatures vanquished.

Notes
Turn   | Place    | Note
-------+----------+-------------------------------------------
     0 | D:1      | hawla the Meteoran Ice Elementalist began the quest for the
                  | Orb.
     0 | D:1      | Reached XP level 1. HP: 14/14 MP: 5/5
    43 | D:2      | Reached XP level 2. HP: 15/20 MP: 4/6
    60 | D:2      | Noticed Terence
   119 | D:4      | Noticed Blork the orc
   123 | D:3      | Mangled by Blork the orc

Illustrated notes

Levels and vault maps discovered:
D:1:      moated_graveyard_arrival, layout_rooms,
          hellmonk_ecumenical_altar_run_dry
D:2:      kennysheep_six_static_rooms, layout_basic, serial_shops,
          nicolae_shop_bloodbath_and_beyond, minmay_rat_hole, uniq_terence,
          uniq_jessica
D:3:      kennysheep_slugbush, layout_basic, minmay_misc_feat_square,
          grunt_ministairs_12
D:4:      layout_rooms, nicolae_hepliaklqana_hippocampus,
          mainiacjoe_overflow_chevrons, vehumet_altar_wand_db, nrook_uturn,
          uniq_pikel, uniq_blork_the_orc

Action                   || total
-------------------------++-------
 Cast: Freeze            ||    10
  Use: Potion            ||     1
Armor: Robe              ||     1
Dodge: Dodged            ||     6
